Unix xNetHack Version 8.0.0 - last build Jan 14 2024 16:46:22 (be4d3c81716514284228e1a23197c27ddb32b841). Game began 2024-02-27 16:05:26, ended 2024-02-27 16:07:14. nmlkj, chaotic male human Wizard -- .- -.--- |%..| ---G..--- |.@.....h- |........- |.--.--...| -- -- .... ----- Nmlkj the Evoker St:15 Dx:14 Co:13 In:17 Wi:9 Ch:7 Chaotic S:165 Dlvl:3 $:13 HP:0(12) Pw:10(10) AC:9 Xp:1/13 T:386 Latest messages: You miss the newt. The newt bites! You hear water falling on coins. You miss the newt. In what direction? k The spell hits the newt! You kill the newt! A smoky potion shatters! You descend the stairs. You climb up the stairs. In what direction? j The spell misses the lichen. In what direction? j The spell hits the lichen! You kill the lichen! That door is closed. The door opens. $ - 7 gold pieces {0} (10 in total). You see here a bone etched helmet. j - a bone etched helmet {9}. What do you want to wear? [j or ?*] j You finish your dressing maneuver. You descend the stairs. You climb up the stairs. $ - 3 gold pieces {0} (13 in total). You hear a pick striking rock. You descend the stairs. You stop searching. The gnome wields a thonged club! In what direction? k The spell hits the gnome. You don't have enough energy to cast that spell. You kill the gnome! You hear crashing rock. The gnome wields a thonged club! You hit the gnome. You miss the gnome. The gnome throws a dagger! The dagger hits the gnome. You miss the gnome. The gnome picks up a thonged club. The gnome picks up a dagger. The gnome swings his thonged club. The gnome hits you! You climb up the stairs. You feel full of energy. You descend the stairs. The gnome swings his thonged club. The gnome pounds you! You die... Inventory: Inventory: 245/750 weight (10/52 slots) Coins $ - 13 gold pieces {1} Weapons h - a +0 silver elven dagger (weapon in hand) {10} a - a blessed +1 quarterstaff {40} Armor j - an uncursed +0 bone helmet (being worn) {7} b - an uncursed +0 cloak of magic resistance (being worn) {8} Scrolls g - an uncursed scroll of teleportation {5} Spellbooks f - an uncursed spellbook of create monster {40} c - a blessed spellbook of force bolt {35} d - a blessed spellbook of magic missile {40} e - an uncursed spellbook of wizard lock {40} Potions i - an uncursed potion of healing {20} Nmlkj the Wizard's attributes: Background: You were an Evoker, a level 1 male human Wizard. You were chaotic, on a mission for Anhur who was opposed by Ptah (lawful) and Thoth (neutral). You were heterosexual. You were in the Gnomish Mines, on level 3. You entered the dungeon 386 turns ago. You had 13 experience points, 7 more were needed to attain level 2. Your score was 165 before end-of-game adjustments. Basics: You had 0 out of 12 hit points. You had all 10 energy points (spell power). Your armor class was 9. Your wallet contained 13 zorkmids. Autopickup was on for '$' plus thrown. Final Characteristics: Your strength was 15 (limit:18/100). Your dexterity was 14 (limit:18). Your constitution was 13 (limit:18). Your intelligence was 17 (limit:18). Your wisdom was 9 (limit:18). Your charisma was 7 (limit:18). Final Status: You were not hungry. You were unencumbered. You were wielding a dagger. You were unskilled in dagger. Final Attributes: You were fervently aligned. You were magic-protected. You were warded. You are dead. Miscellaneous: You disabled loading of bones levels. Total elapsed playing time was 1 minute and 48 seconds. Major events: Turn 1: nmlkj the chaotic male human Wizard entered the dungeon 344: entered the Gnomish Mines 386: killed by a gnome Vanquished creatures: a gnome a goblin a sewer rat 2 lichens a newt 6 creatures vanquished. No species were genocided or became extinct. Voluntary challenges: You went without food. You were an atheist. You were illiterate. You never genocided any monsters. You never polymorphed an object. You never changed form. You never touched an artifact. You used no wishes. You never scared an enemy with impunity. You were celibate. You never generated conflict. Achievement: You entered the Gnomish Mines. Dungeon overview: The Dungeons of Doom: levels 1 to 3 Level 1: A fountain. Level 2: A fountain. Stairs down to The Gnomish Mines. Level 3: The Gnomish Mines: Level 3: <- You were here. Final resting place for you, killed by a gnome. Game over: __________ / \ / REST \ / IN \ / PEACE \ / \ | nmlkj | | 13 Au | | killed by a | | gnome | | | | | | 2024 | *| * * * | * _________)/\\_//(\/(/\)/\//\/|_)_______ Goodbye nmlkj the Wizard... You died in The Gnomish Mines on dungeon level 3 with 164 points, and 13 pieces of gold, after 386 moves. You were level 1 with a maximum of 12 hit points when you died.